 Dungeon Crawl Stone Soup version 0.30-a0-800-g7c544603b3 (webtiles) character file.

Game seed: 17311408788512735661

8264 holysushi the Nimble (level 11, -8/75 HPs)
             Began as a Demonspawn Monk on Feb 22, 2023.
             Was an Initiate of Makhleb.
             Mangled by a skeletal warrior
             ... wielding a +2 heavy war axe
             ... created by the anger of Yredelemnul
              (13 damage)
             ... on level 8 of the Dungeon.
             The game lasted 00:15:26 (9921 turns).

holysushi the Nimble (Demonspawn Monk)              Turns: 9921, Time: 00:15:27

Health: -8/75      AC: 13    Str: 13    XL:     11   Next: 7%
Magic:  11/11      EV: 18    Int: 11    God:    Makhleb [......]
Gold:   615        SH:  4    Dex: 19    Spells: 10/10 levels left

rFire   . . .      SeeInvis .      - Unarmed
rCold   . . .      Faith    .    (no shield)
rNeg    . . .      Spirit   .    v - +0 acid dragon scales
rPois   .          Reflect  .    p - +1 helmet
rElec   .          Harm     .    A - +0 cloak
rCorr   +          Rampage  .    (no gloves)
Will    .....                    (no boots)
Stlth   ++                       u - amulet of magic regeneration
HPRegen 0.32/turn                F - +4 ring of protection
MPRegen 0.52/turn                (no ring)

@: no status effects
A: claws 2, large bone plates 1, ignite blood 2, spiny 1
a: Renounce Religion


You were on level 8 of the Dungeon.
You worshipped Makhleb.
Makhleb was noncommittal.
You visited 2 branches of the dungeon, and saw 10 of its levels.

You collected 615 gold pieces.

Inventory:

Hand Weapons
 a - a +0 short sword
 e - a +3 dagger of speed
 h - a +2 dagger of venom
 o - a +0 dagger of draining
Missiles
 J - a throwing net (quivered)
Armour
 f - a +0 robe of positive energy
 k - an orb of guile
 p - a +1 helmet (worn)
 v - +0 acid dragon scales (worn)
 x - a +0 pair of gloves
 A - a +0 cloak (worn)
Jewellery
 u - an amulet of magic regeneration (around neck)
 F - a +4 ring of protection (left claw)
 G - a ring of fire
 H - a ring of resist corrosion
Wands
 l - a wand of digging (6)
 m - a wand of paralysis (5)
 y - a wand of iceblast (7)
Scrolls
 j - 2 scrolls of amnesia
 n - 2 scrolls of vulnerability
 r - 2 scrolls of identify
 s - 2 scrolls of enchant armour
 t - a scroll of noise
 D - a scroll of brand weapon {unknown}
 E - a scroll of magic mapping {unknown}
 I - a scroll of silence {unknown}
Potions
 b - a potion of berserk rage {unknown}
 c - 3 potions of ambrosia
 d - 5 potions of attraction
 g - a potion of cancellation
 i - 2 potions of degeneration
 q - 3 potions of brilliance
 w - 4 potions of magic {unknown}
 z - 2 potions of mutation {unknown}
 B - 3 potions of curing
 C - a potion of haste


   Skills:
 - Level 3.0 Fighting
 - Level 7.5 Short Blades
 - Level 2.0 Armour
 + Level 10.8 Dodging
 - Level 1.7 Stealth
 + Level 9.4 Unarmed Combat


You had 10 spell levels left.
You didn't know any spells.
Your spell library contained the following spells:

 Spells                   Type           Power      Damage    Failure   Level
 Apportation              Tloc           0%         N/A       45%         1
 Freeze                   Ice            0%         1d3       45%         1
 Frozen Ramparts          Ice            0%         1d1       83%         3
 Hailstorm                Conj/Ice       0%         3d3       83%         3
 Ignite Poison            Fire/Tmut/Pois 0%         N/A       83%         3
 Tukima's Dance           Hex            0%         N/A       83%         3
 Vhi's Electric Charge    Tloc/Air       0%         N/A       83%         3
 Passage of Golubria      Tloc           0%         N/A       99%         4
 Sticky Flame             Conj/Fire      0%         2d3       99%         4
 Alistair's Intoxication  Tmut/Pois      0%         N/A       100%        5
 Arcjolt                  Conj/Air       0%         1d10      100%        5
 Yara's Violent Unravell  Hex/Tmut       0%         3d3       100%        5
 Ignition                 Fire           0%         3d3       100%        8
 Maxwell's Capacitive Co  Air            0%         ∞         100%        8
 Chain Lightning          Conj/Air       0%         N/A       100%        9
 Fire Storm               Conj/Fire      0%         5d1       100%        9
 Shatter                  Erth           0%         3d5*      100%        9


Dungeon Overview and Level Annotations

Branches:
Dungeon (9/15) Zot: 26957  Temple (1/1) D:7 Zot: 5891
   Lair: D:8-11         Orc: D:9-12

Altars:
Dithmenos
Fedhas
Gozag
Hepliaklqana
Kikubaaqudgha
Makhleb
Okawaru
Qazlal
Ru
Sif Muna
Trog
Uskayaw
Vehumet
Yredelemnul

Shops:
D:2 [   D:8 [(


Innate Abilities, Weirdness & Mutations

You have very sharp fingernails.
You are partially covered in large bone plates. (SH +4)
Your demonic aura often causes spilled blood to erupt in flames.
You are partially covered in sharp spines.


Message History

The redback zombie bites you.
The yak is engulfed in blazing flames.
You kill the yak!
Makhleb accepts your kill. You block the bog body's attack.
Things that are here:
a yak corpse; a yak corpse The skeletal warrior attacks as you move away!
The skeletal warrior closely misses you.
The redback zombie attacks as you move away!
The redback zombie is struck by your spines.
The redback zombie misses you.
The redback zombie is engulfed in blazing flames.
The redback zombie closely misses you.
You scratch the redback zombie.
The redback zombie is moderately damaged.
You barely miss the skeletal warrior. You scratch the skeletal warrior.
You claw the skeletal warrior!
The skeletal warrior is lightly damaged.
The skeletal warrior hits you with a +2 heavy war axe!!
* * * LOW HITPOINT WARNING * * *
The redback zombie is engulfed in blazing flames.
Okay, then.
Unknown command.
You scratch the skeletal warrior.
The skeletal warrior is lightly damaged.
The redback zombie is engulfed in blazing flames.
You barely miss the skeletal warrior.
The skeletal warrior is lightly damaged.
The skeletal warrior is engulfed in blazing flames.
The skeletal warrior misses you.
You closely miss the skeletal warrior.
The skeletal warrior is lightly damaged.
You closely miss the skeletal warrior.
The skeletal warrior is lightly damaged.
You block the skeletal warrior's attack.
You scratch the skeletal warrior.
The skeletal warrior is moderately damaged.
The skeletal warrior is engulfed in blazing flames.
The skeletal warrior hits you with a +2 heavy war axe!
You die...

##### ###### #
.....##....#
#########........≈≈.#
'................≈≈.#
#Z...............≈≈.#
#.Z..............≈≈.#
#......... #@≈≈Y#
##.....##. ♣♣♣z≈≈Y♣♣♣
##.....### ♣.nZ≈≈...♣
#......... ♣.⌠.≈≈.⌠.♣
'......... ♣...≈≈...♣
#......... ♣.∩.≈≈.∩.♣
#......... ♣...≈≈...♣
#......... ♣.⌠.≈≈.⌠.♣
#......##. ♣...≈≈...♣


You could see a skeletal warrior, a bog body, 2 yaks and a redback zombie.

Vanquished Creatures
  A two-headed ogre (D:7)
  A boulder beetle (D:8)
  Pikel (D:4)
  A cyclops (D:7)
  Maggie (D:7)
  Sigmund (D:3)
  A shadow (D:7)
  8 yaks (D:8)
  Menkaure (D:5)
  Edmund (D:5)
  3 water moccasins
  2 orc warriors
  2 black bears
  2 sky beasts
  4 ogres
  A phantom (D:5)
  2 centaurs
  4 lemures (D:4)
  2 kobold brigands
  2 bullfrogs (D:7)
  2 necrophages
  4 scorpions
  15 wights
  A yak zombie (D:8)
  12 killer bees
  2 howler monkeys (D:7)
  4 hounds
  6 orc priests
  A jelly (D:8)
  4 gnoll boudas
  2 orc wizards
  Robin (D:4)
  15 gnolls
  7 adders
  2 shadow imps
  An ufetubus (D:3)
  A worm (D:2)
  34 orcs
  8 ball pythons
  6 endoplasms
  2 giant cockroaches
  17 goblins
  6 hobgoblins
  2 quokkas
  7 bats
  A frilled lizard (D:3)
  6 kobolds
  An orc zombie (D:8)
  7 rats
218 creatures vanquished.

Vanquished Creatures (collateral kills)
  A wight (D:8)
1 creature vanquished.

Vanquished Creatures (others)
  A water moccasin zombie (D:8)
  A killer bee zombie (D:8)
  13 plants (D:2)
15 creatures vanquished.

Grand Total: 234 creatures vanquished

Notes
Turn   | Place    | Note
-------+----------+-------------------------------------------
     0 | D:1      | holysushi the Demonspawn Monk began the quest for the Orb.
     0 | D:1      | Reached XP level 1. HP: 18/18 MP: 1/1
   457 | D:1      | Gained mutation: Your demonic aura sometimes causes spilled
                  | blood to erupt in flames. [demonic ancestry]
   457 | D:1      | Reached XP level 2. HP: 15/24 MP: 2/2
  1180 | D:2      | Gained mutation: You are partially covered in sharp spines.
                  | [demonic ancestry]
  1180 | D:2      | Reached XP level 3. HP: 29/29 MP: 3/3
  1210 | D:2      | Found Otyufaquq's Armour Boutique.
  1359 | D:2      | Noticed a scorpion
  1360 | D:2      | You fall into a shaft and drop 1 floor!
  1387 | D:3      | Noticed Robin
  1476 | D:4      | Killed Robin
  1491 | D:3      | Reached XP level 4. HP: 33/35 MP: 4/4
  2085 | D:2      | Reached skill level 5 in Short Blades
  2093 | D:2      | Killed a scorpion
  2094 | D:2      | Reached XP level 5. HP: 41/41 MP: 5/5
  2890 | D:3      | Noticed Sigmund
  2912 | D:3      | Killed Sigmund
  2913 | D:3      | Gained mutation: You are partially covered in large bone
                  | plates. (SH +4) [demonic ancestry]
  2913 | D:3      | Reached XP level 6. HP: 19/47 MP: 6/6
  3573 | D:4      | Noticed an orc warrior
  3876 | D:4      | Noticed Pikel
  4134 | D:4      | Killed an orc warrior
  4135 | D:4      | Gained mutation: You have sharp fingernails. [demonic
                  | ancestry]
  4135 | D:4      | Reached XP level 7. HP: 33/52 MP: 7/7
  4245 | D:4      | Reached skill level 3 in Dodging
  4321 | D:4      | Killed Pikel
  4322 | D:4      | Reached skill level 5 in Dodging
  4322 | D:4      | Gained mutation: You have very sharp fingernails. [demonic
                  | ancestry]
  4322 | D:4      | Reached XP level 8. HP: 30/58 MP: 8/8
  4472 | D:4      | Found a hazy altar of Hepliaklqana.
  4473 | D:4      | Found a shadowy altar of Dithmenos.
  4654 | D:5      | Entered Level 5 of the Dungeon
  4744 | D:5      | Reached skill level 1 in Unarmed Combat
  5023 | D:5      | Reached skill level 6 in Dodging
  5160 | D:5      | Noticed Menkaure
  5171 | D:5      | Killed Menkaure
  5505 | D:5      | Noticed Edmund
  5512 | D:5      | Killed Edmund
  5949 | D:6      | Reached skill level 7 in Dodging
  6121 | D:6      | Reached XP level 9. HP: 52/63 MP: 9/9
  6621 | D:6      | Reached skill level 5 in Unarmed Combat
  6911 | D:6      | Reached skill level 8 in Dodging
  7205 | D:7      | Noticed a cyclops
  7243 | D:7      | Killed a cyclops
  7244 | D:7      | Reached skill level 9 in Dodging
  7327 | D:7      | Reached XP level 10. HP: 70/70 MP: 10/10
  8126 | D:7      | Found a staircase to the Ecumenical Temple.
  8142 | Temple   | Entered the Ecumenical Temple
  8205 | Temple   | Became a worshipper of Yredelemnul the Dark
  8205 | Temple   | Reached * piety under Yredelemnul
  8205 | Temple   | Reached ** piety under Yredelemnul
  8254 | D:7      | Noticed Maggie
  8266 | D:7      | Killed Maggie
  8625 | D:8      | Noticed a two-headed ogre
  8635 | D:7      | Killed a two-headed ogre
  8636 | D:7      | Reached skill level 10 in Dodging
  8857 | D:8      | Reached skill level 1 in Armour
  9395 | D:8      | Noticed a boulder beetle
  9425 | D:8      | Killed a boulder beetle
  9640 | D:8      | Found a sacrificial altar of Ru.
  9771 | D:8      | Gained mutation: Your demonic aura often causes spilled
                  | blood to erupt in flames. [demonic ancestry]
  9771 | D:8      | Reached XP level 11. HP: 75/75 MP: 11/11
  9825 | Temple   | Fell from the grace of Yredelemnul
  9825 | Temple   | Became a worshipper of Makhleb the Destroyer
  9886 | D:8      | Found Xaxewe's Armour Emporium.
  9886 | D:8      | Found Riwkae's Weapon Shop.
  9907 | D:8      | Noticed a skeletal warrior
  9907 | D:8      | Noticed a bog body
  9921 | D:8      | Mangled by a skeletal warrior

Illustrated notes

Levels and vault maps discovered:
D:1:      erik_arrival_triangle_small, layout_loops_corners
D:2:      layout_basic, serial_shops, shop_statue, st_stairs_6,
          serial_bayou_pond_c, hangedman_decor_diamond_cutter,
          grunt_decor_arrowhead, minmay_tall_x
D:3:      minmay_bubble_buster, layout_basic, uniq_robin, uniq_sigmund
D:4:      layout_basic, riverfiend_overflow_shadow_ancestor,
          guppyfry_early_orc_mine, uniq_pikel
D:5:      layout_loops_corners, uniq_edmund, uniq_menkaure
D:6:      layout_rooms
D:7:      hangedman_cross_stitches, layout_loops_corners,
          minmay_temple_entry_fiery, serial_glass, glass_columns_c,
          glass_columns_c, uniq_maggie
D:8:      layout_gridville, nicolae_ru_the_path_less_chosen,
          nicolae_wooded_promenade, kennysheep_generic_room_10
D:9:      layout_rooms, minitemple, dpeg_lair_monsters, serial_shops, shop,
          minivault_27, minmay_fractal_squares_diagonal_5
Temple:   nicolae_temple_ecumenical_triangle

Skill      XL: |  1  2  3  4  5  6  7  8  9 10 |
---------------+-------------------------------+-----
Short Blades   | 3 4 5 6 7 |  7.5
Dodging        | 5 7 9 10 | 10.8
Unarmed Combat | 4 7 9 |  9.4
Armour         | 2 |  2.0
Fighting       | |  3.0
Stealth        | |  1.7

Action                     |  1- 3 |  4- 6 |  7- 9 | 10-12 || total
---------------------------+-------+-------+-------+-------++-------
  Melee: Short sword       |    12 |       |       |       ||    12
         Dagger            |    78 |   178 |    23 |       ||   279
         Unarmed           |       |       |   235 |   177 ||   412
         Punch             |       |       |     7 |    20 ||    27
    Use: Scroll            |       |     9 |     3 |       ||    12
         Potion            |       |     2 |     5 |       ||     7
   Stab: Sleeping          |     6 |     3 |     1 |     1 ||    11
         Invisible         |       |     1 |     2 |       ||     3
         Distracted        |       |     1 |       |       ||     1
 Armour: Robe              |    18 |     3 |    39 |     9 ||    69
         Skin              |       |       |     1 |       ||     1
         Acid dragon scale |       |       |       |    20 ||    20
  Dodge: Dodged            |    28 |    64 |   165 |   106 ||   363
  Block: Orb               |       |    12 |     7 |       ||    19
         Other             |       |       |    35 |    33 ||    68

Table legend: (Time is in decaauts)
 A = Elapsed time spent in this place.
 B = Non-inter-level travel time spent in this place.
 C = Inter-level travel time spent in this place.
 D = Time resting spent in this place.
 E = Time spent auto-exploring this place.
 F = Levels seen in this place.
 G = Mean time per level.
                   A        B        C        D        E       F      G
               +--------+--------+--------+--------+--------+-----+--------+
         Total |   9735 |   9230 |    505 |   1326 |   5873 |  10 |  973.5 |
       Dungeon |   9626 |   9156 |    470 |   1326 |   5873 |   9 | 1069.6 |
        Temple |    108 |     73 |     35 |      0 |      0 |   1 |  108.0 |
               +--------+--------+--------+--------+--------+-----+--------+

Top non-repeatable levels by time:
     D:7: 1703 daAuts
     D:2: 1366 daAuts
     D:5: 1329 daAuts
     D:4: 1328 daAuts
     D:6: 1035 daAuts
     D:8: 1007 daAuts
     D:1: 941 daAuts
     D:3: 912 daAuts
  Temple: 108 daAuts
     D:9: 1 daAuts
